| TOP OF THE 1ST |
|
Detroit Red Wings batting - Pitching for Windy City ThunderBolts : RHP Alje Velders
|
|
Pitching: RHP Alje Velders
|
|
|
Now in LF: Eddie Dimas
|
|
|
Batting: RHB Seth Fox
|
0-0: Ball 1-0: Foul Ball, location: 2F 1-1: Foul Ball, location: 2F 1-2: Strikes out swinging
|
|
Batting: SHB Eisse Wijnja
|
0-0: Ball 1-0: Ball 2-0: Called Strike 2-1: Foul Ball, location: 2F 2-2: Ball 3-2: Strikes out swinging
|
|
Batting: RHB Jorge Lebron
|
0-0: Called Strike 0-1: Swinging Strike 0-2: Foul Ball, location: 2F 0-2: Strikes out looking
|
| Top of the 1st over - 0 runs, 0 hits, 0 errors, 0 left on base; Detroit 0 - Windy City 0 |
| BOTTOM OF THE 1ST |
|
Windy City ThunderBolts batting - Pitching for Detroit Red Wings : RHP Adam Oyler
|
|
Pitching: RHP Adam Oyler
|
|
|
Batting: RHB Enrique Gomez
|
0-0: Ground out 5-3 (Groundball, 56, EV 91.9 MPH)
|
|
Batting: SHB Noah Long
|
0-0: Called Strike 0-1: Called Strike 0-2: Strikes out swinging
|
|
Batting: SHB Andres Agudo
|
0-0: Called Strike 0-1: Ball 1-1: Ball 2-1: Swinging Strike 2-2: Strikes out swinging
|
| Bottom of the 1st over - 0 runs, 0 hits, 0 errors, 0 left on base; Detroit 0 - Windy City 0 |
| TOP OF THE 2ND |
|
Detroit Red Wings batting - Pitching for Windy City ThunderBolts : RHP Alje Velders
|
|
Batting: LHB Jamie Christian
|
0-0: Called Strike 0-1: Ball 1-1: Called Strike 1-2: Ball 2-2: Foul Ball, location: 2F 2-2: Ground out U3 (Groundball, 34S, EV 81.9 MPH)
|
|
Batting: RHB Yankel Pensak
|
0-0: Called Strike 0-1: Swinging Strike 0-2: Ball 1-2: SINGLE (Groundball, 56S, EV 70.0 MPH) (infield hit)
|
|
Batting: SHB Franklin Garza
|
0-0: Swinging Strike 0-1: Called Strike 0-2: Strikes out looking
|
|
Batting: RHB Dustin Bursell
|
0-0: Called Strike 0-1: Called Strike Yankel Pensak steals 2nd base 0-2: Strikes out swinging
|
| Top of the 2nd over - 0 runs, 1 hit, 0 errors, 1 left on base; Detroit 0 - Windy City 0 |
| BOTTOM OF THE 2ND |
|
Windy City ThunderBolts batting - Pitching for Detroit Red Wings : RHP Adam Oyler
|
|
Batting: RHB Bill Stern
|
0-0: Foul Ball, location: 2F 0-1: Ball 1-1: Foul Ball, location: 2F 1-2: Strikes out looking
|
|
Batting: SHB Veit Geisler
|
0-0: Ball 1-0: Called Strike 1-1: Ball 2-1: Ball 3-1: Foul Ball, location: 2F 3-2: Strikes out swinging
|
|
Batting: RHB Eddie Dimas
|
0-0: Ball 1-0: Foul Ball, location: 2F 1-1: Ball 2-1: Ball 3-1: Fly out, F8 (Flyball, 8LM, EV 73.1 MPH)
|
| Bottom of the 2nd over - 0 runs, 0 hits, 0 errors, 0 left on base; Detroit 0 - Windy City 0 |
| TOP OF THE 3RD |
|
Detroit Red Wings batting - Pitching for Windy City ThunderBolts : RHP Alje Velders
|
|
Batting: RHB Cody Kafer
|
0-0: Called Strike 0-1: Fly out, F8 (Flyball, 8RD, EV 105.0 MPH)
|
|
Batting: SHB Salvador Lacosta
|
0-0: Called Strike 0-1: Swinging Strike 0-2: Ball 1-2: Strikes out swinging
|
|
Batting: RHB Seth Fox
|
0-0: Ball 1-0: Called Strike 1-1: Called Strike 1-2: Strikes out looking
|
| Top of the 3rd over - 0 runs, 0 hits, 0 errors, 0 left on base; Detroit 0 - Windy City 0 |
| BOTTOM OF THE 3RD |
|
Windy City ThunderBolts batting - Pitching for Detroit Red Wings : RHP Adam Oyler
|
|
Batting: LHB Jose Pereyra
|
0-0: Swinging Strike 0-1: Ball 1-1: Ball 2-1: Called Strike 2-2: Strikes out looking
|
|
Batting: RHB Joselito Santos
|
0-0: Fly out, F8 (Flyball, 89D, EV 90.0 MPH)
|
|
Batting: RHB Joe Thomas
|
0-0: Ground out 4-3 (Groundball, 4, EV 87.5 MPH)
|
| Bottom of the 3rd over - 0 runs, 0 hits, 0 errors, 0 left on base; Detroit 0 - Windy City 0 |
| TOP OF THE 4TH |
|
Detroit Red Wings batting - Pitching for Windy City ThunderBolts : RHP Alje Velders
|
|
Batting: SHB Eisse Wijnja
|
0-0: Foul Ball, location: 2F 0-1: Ball 1-1: Ball 2-1: Called Strike 2-2: Foul Ball, location: 2F 2-2: Ball 3-2: Base on Balls
|
|
Batting: RHB Jorge Lebron
|
0-0: Called Strike 0-1: Fly out, F4 (Popup, 34, EV 60.6 MPH)
|
|
Batting: LHB Jamie Christian
|
0-0: Called Strike 0-1: Ball 1-1: Called Strike 1-2: Strikes out swinging
|
|
Batting: RHB Yankel Pensak
|
0-0: Called Strike 0-1: Swinging Strike 0-2: Strikes out swinging
|
| Top of the 4th over - 0 runs, 0 hits, 0 errors, 1 left on base; Detroit 0 - Windy City 0 |
| BOTTOM OF THE 4TH |
|
Windy City ThunderBolts batting - Pitching for Detroit Red Wings : RHP Adam Oyler
|
|
Batting: RHB Enrique Gomez
|
0-0: Fly out, F2 (Popup, 3SF, EV 68.1 MPH)
|
|
Batting: SHB Noah Long
|
0-0: Ground out 6-3 (Groundball, 56, EV 85.6 MPH)
|
|
Batting: SHB Andres Agudo
|
0-0: Called Strike 0-1: Swinging Strike 0-2: Ball 1-2: Ball 2-2: Ball 3-2: Strikes out looking
|
| Bottom of the 4th over - 0 runs, 0 hits, 0 errors, 0 left on base; Detroit 0 - Windy City 0 |
| TOP OF THE 5TH |
|
Detroit Red Wings batting - Pitching for Windy City ThunderBolts : RHP Alje Velders
|
|
Batting: SHB Franklin Garza
|
0-0: Called Strike 0-1: Swinging Strike 0-2: Strikes out swinging
|
|
Batting: RHB Dustin Bursell
|
0-0: Foul Ball, location: 2F 0-1: Ball 1-1: Called Strike 1-2: Foul Ball, location: 2F 1-2: Strikes out swinging
|
|
Batting: RHB Cody Kafer
|
0-0: Swinging Strike 0-1: Foul Ball, location: 2F 0-2: SINGLE (Line Drive, 34D, EV 98.8 MPH)
|
|
Batting: SHB Salvador Lacosta
|
0-0: Ball 1-0: DOUBLE (Line Drive, 78D, EV 111.9 MPH) Cody Kafer to third
|
|
Batting: RHB Seth Fox
|
0-0: Ball 1-0: Ball 2-0: Ground out 5-3 (Groundball, 5, EV 83.1 MPH)
|
| Top of the 5th over - 0 runs, 2 hits, 0 errors, 2 left on base; Detroit 0 - Windy City 0 |
| BOTTOM OF THE 5TH |
|
Windy City ThunderBolts batting - Pitching for Detroit Red Wings : RHP Adam Oyler
|
|
Batting: RHB Bill Stern
|
0-0: Swinging Strike 0-1: Ball 1-1: Called Strike 1-2: Ground out 1-6-3 (Groundball, 15S, EV 115.0 MPH)
|
|
Batting: SHB Veit Geisler
|
0-0: Swinging Strike 0-1: Ball 1-1: Swinging Strike 1-2: Foul Ball, location: 2F 1-2: Ball 2-2: Strikes out swinging
|
|
Batting: RHB Eddie Dimas
|
0-0: Called Strike 0-1: Ground out 6-3 (Groundball, 6MS, EV 84.4 MPH)
|
| Bottom of the 5th over - 0 runs, 0 hits, 0 errors, 0 left on base; Detroit 0 - Windy City 0 |
| TOP OF THE 6TH |
|
Detroit Red Wings batting - Pitching for Windy City ThunderBolts : RHP Alje Velders
|
|
Batting: SHB Eisse Wijnja
|
0-0: Called Strike 0-1: SINGLE (Groundball, 6MS, EV 69.4 MPH) (infield hit)
|
|
Batting: RHB Jorge Lebron
|
0-0: Ball 1-0: Ball 2-0: Grounds into double play, 5-4-3 (Groundball, 5S, EV 87.5 MPH)
|
|
Batting: LHB Jamie Christian
|
0-0: Ball 1-0: Ball 2-0: SINGLE (Groundball, 4MD, EV 106.2 MPH)
|
|
Batting: RHB Yankel Pensak
|
0-0: Called Strike 0-1: Called Strike 0-2: Ball 1-2: Ball 2-2: Foul Ball, location: 2F 2-2: Strikes out looking
|
| Top of the 6th over - 0 runs, 2 hits, 0 errors, 1 left on base; Detroit 0 - Windy City 0 |
| BOTTOM OF THE 6TH |
|
Windy City ThunderBolts batting - Pitching for Detroit Red Wings : RHP Adam Oyler
|
|
Batting: LHB Jose Pereyra
|
0-0: Swinging Strike 0-1: Ball 1-1: Called Strike 1-2: Strikes out swinging
|
|
Batting: RHB Joselito Santos
|
0-0: Called Strike 0-1: Called Strike 0-2: Foul Ball, location: 2F 0-2: Strikes out looking
|
|
Batting: RHB Joe Thomas
|
0-0: Ball 1-0: Ball 2-0: Fly out, F8 (Flyball, 8RM, EV 93.1 MPH)
|
| Bottom of the 6th over - 0 runs, 0 hits, 0 errors, 0 left on base; Detroit 0 - Windy City 0 |
| TOP OF THE 7TH |
|
Detroit Red Wings batting - Pitching for Windy City ThunderBolts : RHP Alje Velders
|
|
Pitching: LHP James Reynolds
|
|
|
Batting: SHB Franklin Garza
|
0-0: Ball 1-0: Foul Ball, location: 2F 1-1: Fly out, F7 (Flyball, 7, EV 93.1 MPH)
|
|
Batting: RHB Dustin Bursell
|
0-0: Ball 1-0: Ball 2-0: Called Strike 2-1: Ball 3-1: Swinging Strike 3-2: Strikes out swinging
|
|
Batting: RHB Cody Kafer
|
0-0: Called Strike 0-1: Called Strike 0-2: Ground out U3 (Groundball, 34, EV 86.9 MPH)
|
| Top of the 7th over - 0 runs, 0 hits, 0 errors, 0 left on base; Detroit 0 - Windy City 0 |
| BOTTOM OF THE 7TH |
|
Windy City ThunderBolts batting - Pitching for Detroit Red Wings : RHP Adam Oyler
|
|
Batting: RHB Enrique Gomez
|
0-0: Ball 1-0: Ball 2-0: Foul Ball, location: 2F 2-1: Swinging Strike 2-2: Reached on error, E5 (Groundball, 56, EV 103.8 MPH)
|
|
Batting: SHB Noah Long
|
0-0: Foul Ball, location: 2F 0-1: Swinging Strike 0-2: Foul Ball, location: 2F 0-2: Strikes out swinging
|
|
Batting: SHB Andres Agudo
|
0-0: Ball 1-0: Ball 2-0: Fly out, F7 (Line Drive, 78S, EV 94.4 MPH)
|
|
Batting: RHB Bill Stern
|
0-0: SINGLE (Flyball, 7LS, EV 88.1 MPH) Enrique Gomez to second
|
|
Batting: SHB Veit Geisler
|
0-0: Called Strike 0-1: Ball 1-1: Ball 2-1: Foul Ball, location: 2F 2-2: Foul Ball, location: 2F 2-2: Foul Ball, location: 2F 2-2: Strikes out swinging
|
| Bottom of the 7th over - 0 runs, 1 hit, 1 error, 2 left on base; Detroit 0 - Windy City 0 |
| TOP OF THE 8TH |
|
Detroit Red Wings batting - Pitching for Windy City ThunderBolts : LHP James Reynolds
|
|
Batting: SHB Salvador Lacosta
|
0-0: Ball 1-0: Called Strike 1-1: Ball 2-1: Swinging Strike 2-2: Ball 3-2: Foul Ball, location: 2F 3-2: Strikes out swinging
|
|
Batting: RHB Seth Fox
|
0-0: Ground out 5-3 (Groundball, 56S, EV 86.2 MPH)
|
|
Batting: SHB Eisse Wijnja
|
0-0: Foul Ball, location: 2F 0-1: Called Strike 0-2: Ball 1-2: Ball 2-2: Foul Ball, location: 2F 2-2: Fly out, F9 (Flyball, 9D, EV 86.9 MPH)
|
| Top of the 8th over - 0 runs, 0 hits, 0 errors, 0 left on base; Detroit 0 - Windy City 0 |
| BOTTOM OF THE 8TH |
|
Windy City ThunderBolts batting - Pitching for Detroit Red Wings : RHP Adam Oyler
|
|
Pitching: RHP Ramiro Silva
|
|
|
Batting: RHB Eddie Dimas
|
0-0: Called Strike 0-1: Foul Ball, location: 2F 0-2: Ball 1-2: Strikes out swinging
|
|
Batting: LHB Jose Pereyra
|
0-0: Ball 1-0: Foul Ball, location: 2F 1-1: Ball 2-1: Called Strike 2-2: Strikes out swinging
|
|
Batting: RHB Joselito Santos
|
0-0: Called Strike 0-1: Swinging Strike 0-2: Foul Ball, location: 2F 0-2: Ball 1-2: Strikes out swinging
|
| Bottom of the 8th over - 0 runs, 0 hits, 0 errors, 0 left on base; Detroit 0 - Windy City 0 |
| TOP OF THE 9TH |
|
Detroit Red Wings batting - Pitching for Windy City ThunderBolts : LHP James Reynolds
|
|
Batting: RHB Juan Perez
|
0-0: Ball 1-0: Ball 2-0: Foul Ball, location: 2F 2-1: Ball 3-1: Swinging Strike 3-2: Foul Ball, location: 2F 3-2: Foul Ball, location: 2F 3-2: SINGLE (Groundball, 6M, EV 111.2 MPH)
|
|
Pitching: RHP Nate Myers
|
|
|
Batting: LHB Jamie Christian
|
0-0: Ball 1-0: Called Strike 1-1: Swinging Strike 1-2: Ball 2-2: Strikes out looking
|
|
Pinch Hitting: RHB Janne Vihko
|
0-0: Ball 1-0: Swinging Strike 1-1: Ball 2-1: Called Strike 2-2: Foul Ball, location: 2F 2-2: Foul Ball, location: 2F 2-2: Strikes out swinging
|
|
Batting: SHB Franklin Garza
|
0-0: Swinging Strike 0-1: Ball 1-1: Fly out, F9 (Line Drive, 8RS, EV 100.6 MPH)
|
| Top of the 9th over - 0 runs, 1 hit, 0 errors, 1 left on base; Detroit 0 - Windy City 0 |
| BOTTOM OF THE 9TH |
|
Windy City ThunderBolts batting - Pitching for Detroit Red Wings : RHP Ramiro Silva
|
|
Pitching: RHP Denzel McPherson
|
|
|
Now at 2B: Janne Vihko
|
|
|
Batting: RHB Joe Thomas
|
0-0: Ball 1-0: Foul Ball, location: 2F 1-1: Swinging Strike 1-2: Ball 2-2: Ball 3-2: Base on Balls
|
|
Batting: RHB Enrique Gomez
|
0-0: Ball Joe Thomas is caught stealing 2nd base 2-4 1-0: Ball 2-0: Fly out, F7 (Flyball, 78S, EV 88.8 MPH)
|
|
Batting: SHB Noah Long
|
0-0: Ball 1-0: Foul Ball, location: 2F 1-1: Foul Ball, location: 2F 1-2: Foul Ball, location: 2F 1-2: SINGLE (Groundball, 34D, EV 106.9 MPH)
|
|
Batting: SHB Andres Agudo
|
0-0: Ball 1-0: Ball 2-0: Ball 3-0: Called Strike 3-1: Ground out 4-3 (Groundball, 4, EV 78.8 MPH)
|
| Bottom of the 9th over - 0 runs, 1 hit, 0 errors, 1 left on base; Detroit 0 - Windy City 0 |
| TOP OF THE 10TH |
|
Detroit Red Wings batting - Pitching for Windy City ThunderBolts : RHP Nate Myers
|
|
Pitching: RHP George Crousse
|
|
|
Pinch Hitting: LHB Iestyn Peacock
|
0-0: Ball 1-0: Called Strike 1-1: Foul Ball, location: 2F 1-2: Strikes out swinging
|
|
Pinch Hitting: SHB Isaiah Bias
|
0-0: Foul Ball, location: 2F 0-1: Foul Ball, location: 2F 0-2: Ground out 3-1 (Groundball, 34, EV 90.6 MPH)
|
|
Batting: SHB Salvador Lacosta
|
0-0: Fly out, F7 (Flyball, 78M, EV 75.0 MPH)
|
| Top of the 10th over - 0 runs, 0 hits, 0 errors, 0 left on base; Detroit 0 - Windy City 0 |
| BOTTOM OF THE 10TH |
|
Windy City ThunderBolts batting - Pitching for Detroit Red Wings : RHP Denzel McPherson
|
|
Now in LF: Yuusou Honda
|
|
|
Now in CF: Iestyn Peacock
|
|
|
Pinch Hitting: RHB Brad Adams Jr.
|
0-0: Ball 1-0: Ball 2-0: Foul Ball, location: 2F 2-1: Foul Ball, location: 2F 2-2: Foul Ball, location: 2F 2-2: Strikes out swinging
|
|
Batting: SHB Veit Geisler
|
0-0: Foul Ball, location: 2F 0-1: SINGLE (Line Drive, 8LM, EV 108.1 MPH)
|
|
Batting: RHB Eddie Dimas
|
0-0: Called Strike 0-1: Ball 1-1: Grounds into double play, 3-6-3 (Groundball, 3S, EV 90.0 MPH)
|
| Bottom of the 10th over - 0 runs, 1 hit, 0 errors, 0 left on base; Detroit 0 - Windy City 0 |
| TOP OF THE 11TH |
|
Detroit Red Wings batting - Pitching for Windy City ThunderBolts : RHP George Crousse
|
|
Now at 1B: Brad Adams Jr.
|
|
|
Batting: RHB Seth Fox
|
0-0: Foul Ball, location: 2F 0-1: Ball 1-1: Called Strike 1-2: Foul Ball, location: 2F 1-2: SINGLE (Groundball, 6M, EV 98.1 MPH) (infield hit)
|
|
Batting: SHB Eisse Wijnja
|
0-0: Called Strike 0-1: Ball 1-1: Foul Ball, location: 2F 1-2: Ball 2-2: Foul Ball, location: 2F 2-2: SINGLE (Line Drive, 78S, EV 97.5 MPH) Seth Fox to second
|
|
Batting: RHB Juan Perez
|
0-0: Ball Seth Fox steals 3rd base 1-0: Swinging Strike 1-1: Foul Ball, location: 2F 1-2: Ball 2-2: Strikes out swinging
|
|
Pitching: RHP Tristan Chapple
|
|
|
Batting: LHB Jamie Christian
|
0-0: Ball 1-0: Called Strike 1-1: Ball 2-1: Called Strike 2-2: Ball 3-2: Strikes out swinging
|
|
Batting: RHB Janne Vihko
|
0-0: Called Strike 0-1: Swinging Strike 0-2: Ball 1-2: Ball 2-2: Ball 3-2: 3-RUN HOME RUN (Line Drive, 78XD, EV 115.0 MPH), Distance : 425 ft
|
|
Batting: SHB Franklin Garza
|
0-0: Ball 1-0: Ground out 6-3 (Groundball, 6, EV 96.2 MPH)
|
| Top of the 11th over - 3 runs, 3 hits, 0 errors, 0 left on base; Detroit 3 - Windy City 0 |
| BOTTOM OF THE 11TH |
|
Windy City ThunderBolts batting - Pitching for Detroit Red Wings : RHP Denzel McPherson
|
|
Pinch Hitting: RHB Francisco Marin
|
0-0: Foul Ball, location: 2F 0-1: Reached on error, E6 (Groundball, 56, EV 81.9 MPH)
|
|
Batting: RHB Joselito Santos
|
0-0: Foul Ball, location: 2F 0-1: Fly out, F9 (Flyball, 9D, EV 95.0 MPH) Runner from 2nd tags up, SAFE at 3rd, no throw by RF
|
|
Batting: RHB Joe Thomas
|
0-0: Ball 1-0: Ball 2-0: Swinging Strike 2-1: Reached on error, E5 (Groundball, 56, EV 86.9 MPH) Francisco Marin scores
|
|
Batting: RHB Enrique Gomez
|
0-0: Fielders Choice at 2nd, 6-4 (Groundball, 6, EV 110.0 MPH)
|
|
Batting: SHB Noah Long
|
0-0: Ball 1-0: SINGLE (Groundball, 25, EV 65.0 MPH) (infield hit) Enrique Gomez to second
|
|
Batting: SHB Andres Agudo
|
0-0: Called Strike 0-1: Ball 1-1: Called Strike 1-2: Strikes out swinging
|
| Bottom of the 11th over - 1 run, 1 hit, 2 errors, 2 left on base; Detroit 3 - Windy City 1 |
|